 Dungeon Crawl Stone Soup version 0.32-a0-909-gc671339a80 (webtiles) character file.

Game seed: 419664233498713077

448686 shadizar the Eclecticist (level 25, -9/163 (171) HPs)
             Began as a Djinni Conjurer on Apr 5, 2024.
             Was the Champion of Makhleb.
             Killed from afar by a tengu reaver (34 damage)
             ... with a bolt of negative energy
             ... on level 5 of the Vaults on Apr 6, 2024.
             The game lasted 01:43:36 (45020 turns).

shadizar the Eclecticist (Djinni Conjurer)         Turns: 45020, Time: 01:43:37

HP:   -9/163 (171)  AC: 23    Str: 17    XL:     25   Next: 9%
Gold: 3726          EV: 21    Int: 43    God:    Makhleb [******] SH: 19 Dex: 23

rFire   + + .        M - staff of conjuration
rCold   x . .        k - +4 kite shield of the Living Akabeko {Str+4}
rNeg    . . .        b - +8 ring mail "Seen" {Harm SInv}
rPois   ∞            L - +3 crown of Dyrovepreva {rElec Int+2 SInv}
rElec   +            z - +2 cloak {rCorr}
rCorr   +            A - +1 pair of gloves of Teirar {Dex+6}
SInv    +            (boots unavailable)
Will    ++...        U - amulet of regeneration
Stlth   ++++         a - ring "Petutif" {rC+ Int+8 Dex-4}
HPRegen 1.27/turn    i - ring of the Lonely Loafs {^Drain rCorr Str+7 Int+4 Dex+6}

%: harm (+30% outgoing, +20% incoming), infuse magic (-10 HP)
@: flying, very slightly contaminated, lightly drained
A: sickness immunity, fire resistance 2, cold vulnerability 2, float, innate
caster, HP casting, extra vitality 1, deformed body, deterioration 1, frail 1,
inability to drink after injury 1, persistent drain
}: 3/15 runes: slimy, silver, gossamer
a: Renounce Religion, Minor Destruction, Lesser Servant of Makhleb, Major
Destruction, Greater Servant of Makhleb


You were on level 5 of the Vaults.
You worshipped Makhleb.
Makhleb was exalted by your worship.
You visited 8 branches of the dungeon, and saw 40 of its levels.
You visited 1 bazaar.
You also visited: Gauntlet.

You collected 5757 gold pieces.
You spent 2031 gold pieces at shops.

Inventory:

Armour
 b - the +8 ring mail "Seen" (worn) {Harm SInv}
   (You found it on level 1 of the Elven Halls)

   SInv:      It lets you see invisible.
   Harm:      It increases damage dealt and taken.
 d - the +1 robe "Huuph" {Rampage rF++ SInv Stlth-}
   (You found it on level 5 of the Pits of Slime)

   rF++:      It greatly protects you from fire.
   SInv:      It lets you see invisible.
   Rampage:   It bestows one free step when moving towards enemies.
   Stlth-:    It makes you less stealthy.
 k - the +4 kite shield of the Living Akabeko (worn) {Str+4}
   (You found it on level 2 of the Dungeon)

   Str+4:     It affects your strength (+4).
 p - +0 shadow dragon scales
 q - +0 acid dragon scales
 u - a +1 leather armour of cold resistance
 z - a +2 cloak of preservation (worn)
 A - the +1 pair of gloves of Teirar (worn) {Dex+6}
   (You found it on level 5 of the Pits of Slime)

   Dex+6:     It affects your dexterity (+6).
 E - a scarf of repulsion
 K - a +2 pair of gloves of strength
 L - the +3 crown of Dyrovepreva (worn) {rElec Int+2 SInv}
   (You found it on level 3 of the Elven Halls)

   Int+2:     It affects your intelligence (+2).
   rElec:     It insulates you from electricity.
   SInv:      It lets you see invisible.
 O - a +8 chain mail of ponderousness
 Q - quicksilver dragon scales
 S - a +4 ring mail of cold resistance
 T - the +0 scale mail of Happiness {rElec Will++}
   (You found it on level 5 of the Lair of Beasts)

   rElec:     It insulates you from electricity.
   Will++:    It greatly increases your willpower.
 Y - +0 shadow dragon scales
Magical Staves
 M - a staff of conjuration (weapon)
Jewellery
 a - the ring "Petutif" (left hand) {rC+ Int+8 Dex-4}
   (You acquired it on level 2 of the Spider Nest)

   [ring of protection from cold]

   Int+8:     It affects your intelligence (+8).
   Dex-4:     It affects your dexterity (-4).
   rC+:       It protects you from cold.
 i - the ring of the Lonely Loafs (right hand) {^Drain rCorr Str+7 Int+4 Dex+6}
   (You bought it in a shop in a bazaar)

   [ring of dexterity]

   Str+7:     It affects your strength (+7).
   Int+4:     It affects your intelligence (+4).
   Dex+6:     It affects your dexterity (+6).
   rCorr:     It protects you from acid and corrosion.
   ^Drain:    It drains your maximum health when unequipped.
 n - the ring "Coklakke" {Ice Fly Stlth+}
   (You found it on level 3 of the Spider Nest)

   [ring of ice]

   Ice:       It enhances your ice magic.
   rF-:       It makes you vulnerable to fire.
   rC+:       It protects you from cold.
   Fly:       It grants you flight.
   Stlth+:    It makes you more stealthy.
 B - the ring of Incredulity {*Slow rPois rCorr Int-4 SInv}
   (You took it off a deep elf death mage on level 3 of the Elven Halls)

   [ring of resist corrosion]

   Int-4:     It affects your intelligence (-4).
   rPois:     It protects you from poison.
   SInv:      It lets you see invisible.
   rCorr:     It protects you from acid and corrosion.
   *Slow:     It may slow you when you take damage.
 D - the ring of Iloipn {Will+ Str+6 Stlth+}
   (You found it in a Gauntlet)

   [ring of willpower]

   Str+6:     It affects your strength (+6).
   Will+:     It increases your willpower.
   Stlth+:    It makes you more stealthy.
 G - the ring "Secuil" {Wiz rElec rN+ Dex+3}
   (You found it on level 5 of the Pits of Slime)

   [ring of wizardry]

   Wiz:       It improves your spell success rate.
   Dex+3:     It affects your dexterity (+3).
   rElec:     It insulates you from electricity.
   rN+:       It protects you from negative energy.
 N - a ring of see invisible
 P - a ring of protection from cold
 U - an amulet of regeneration (around neck)
Wands
 x - a wand of digging (3)
 y - a wand of flame (136)
 F - a wand of light (46)
 I - a wand of paralysis (71)
 J - a wand of warping (21)
 V - a wand of polymorph (21)
Scrolls
 m - 3 scrolls of enchant weapon
 o - 6 scrolls of fog
 r - 8 scrolls of revelation
 t - a scroll of brand weapon
 v - 18 scrolls of teleportation
 w - 3 scrolls of blinking
 H - 3 scrolls of fear
 R - 2 scrolls of silence
 X - 2 scrolls of poison
 Z - 2 scrolls of butterflies
Potions
 c - 5 potions of heal wounds
 e - 4 potions of ambrosia
 f - 3 potions of cancellation
 g - 2 potions of enlightenment
 h - 4 potions of berserk rage
 j - 5 potions of curing
 l - 8 potions of brilliance
 s - a potion of might
 C - 2 potions of invisibility
 W - 5 potions of resistance


   Skills:
 + Level 19.3 Fighting
 - Level 17.1 Armour
 + Level 15.6 Dodging
 + Level 10.1 Stealth
 + Level 15.5 Shields
 * Level 20.5 Spellcasting
 * Level 20.5 Conjurations
 * Level 20.5 Hexes
   Level 0.0 Charms
 * Level 20.5 Summonings
 * Level 20.5 Necromancy
 * Level 20.5 Translocations
   Level 0.0 Transmutations
 * Level 20.5 Fire Magic
 * Level 20.5 Ice Magic
 * Level 20.5 Air Magic
 * Level 20.5 Earth Magic
 * Level 20.5 Alchemy


You knew the following spells:

 Your Spells              Type           Power      Damage    Failure   Level
a - Magic Dart            Conj           100%       1d8       0%          1
b - Searing Ray           Conj           100%       2d8       0%          2
c - Fulminant Prism       Conj/Alch      73%        3d30      0%          4
d - Iskenderun's Mystic   Conj/Tloc      100%       2d19      (+2d10%     4
e - Sting                 Conj/Alch      100%       1d9       0%          1
f - Mercury Vapours       Alch/Air       100%       N/A       0%          2
g - Tukima's Dance        Hex            100%       N/A       0%          3
h - Dimensional Bullseye  Hex/Tloc       60%        N/A       0%          4
i - Cause Fear            Hex            60%        N/A       0%          4
j - Alistair's Intoxicat  Alch           80%        N/A       0%          5
k - Bombard               Conj/Erth      73%        9d12      1%          6
l - Dispersal             Tloc           60%        N/A       1%          6
m - Manifold Assault      Tloc           60%        N/A       1%          7
n - Lehudib's Crystal Sp  Conj/Erth      73%        10d16     1%          8
o - Haunt                 Necr/Summ      60%        N/A       1%          7
p - Infestation           Necr           60%        N/A       1%          8
Your spell library was empty.

Dungeon Overview and Level Annotations

Branches:
Dungeon (15/15)            Temple (1/1) D:5            Lair (5/5) D:8
 Shoals (0/4) Lair:3       Spider (4/4) Lair:3        Slime (5/5) Lair:4
    Orc (2/2) D:11            Elf (3/3) Orc:2        Vaults (5/5) D:13
  Crypt (0/3) Vaults:2     Depths (0/4) D:15        Gauntlet (visited)

Altars:
Ashenzari
Cheibriados
Dithmenos
Elyvilon
Fedhas
Gozag
Hepliaklqana
Makhleb
Nemelex Xobeh
Okawaru
Qazlal
Ru
Trog
Uskayaw
Wu Jian
Xom
Yredelemnul
Zin
The Shining One
Jiyva

Shops:
D:4 :   D:7 (?*   D:11 [*?   Orc:1 ?   Orc:2 [[((   Elf:1 !*   Elf:3 !

Annotations:
D:7 2 transporters, DEFE's ghost, novice CoFi
Spider:3 1 runed translucent door, Itzepur's ghost, adept DsWn


Innate Abilities, Weirdness & Mutations

You are immune to sickness and miasma.
You are immune to poison.
Your flesh is very heat resistant. (rF++)
You are very vulnerable to cold. (rC--)
You float through the air rather than walking.
You learn spells naturally, not from books.
Your magical power is your life essence.
You have superior vitality. (+4 MHP)
Armour fits poorly on your strangely shaped body.
Your body sometimes deteriorates upon taking damage.
You are frail. (-10% HP)
You occasionally lose the ability to drink potions when taking damage.
Your health recovers twice as slowly from being drained.


Message History

The crystal spear hits the war gargoyle!!!
You destroy the war gargoyle!
Makhleb accepts your kill.
Unknown command.
Unknown command.
Unknown command.
Casting: Lehudib's Crystal Spear (dangerous; 1% risk of failure)
Confirm with . or Enter, or press ? or * to list all spells.
Aiming: Lehudib's Crystal Spear (dangerous; 1% risk of failure)
Press: ? - help, Shift-Dir - straight line, f - tengu reaver
Aim: a tengu reaver, wielding a +2 war axe of venom, wearing a +0 ring mail and wearing a +0 buckler (lightly wounded, repelling missiles, 44% to hit)
You feel a surge of power!
You miscast Lehudib's Crystal Spear.
You are very lightly contaminated with residual magic.
You are blasted with sand.
The tengu reaver casts a spell at you. The bolt of cold hits you!!!
You feel a terrible chill!
Unknown command.
Casting: Lehudib's Crystal Spear (dangerous; 1% risk of failure)
Confirm with . or Enter, or press ? or * to list all spells.
Aiming: Lehudib's Crystal Spear (dangerous; 1% risk of failure)
Press: ? - help, Shift-Dir - straight line, f/p - tengu reaver
Aim: a tengu reaver, wielding a +2 war axe of venom, wearing a +0 ring mail and wearing a +0 buckler (lightly wounded, repelling missiles, 44% to hit)
You feel a surge of power!
The tengu reaver blocks the crystal spear.
* * * LOW HITPOINT WARNING * * *
The tengu reaver points at you and mumbles some strange words.
The bolt of lightning hits you! You resist.
* * * LOW HITPOINT WARNING * * *
You hear a shout! x7; You hear an angry hiss.
Casting: Lehudib's Crystal Spear (dangerous; 1% risk of failure)
Confirm with . or Enter, or press ? or * to list all spells.
Aiming: Lehudib's Crystal Spear (dangerous; 1% risk of failure)
Press: ? - help, Shift-Dir - straight line, f/p - tengu reaver
Aim: a tengu reaver, wielding a +2 war axe of venom, wearing a +0 ring mail and wearing a +0 buckler (lightly wounded, repelling missiles, 44% to hit)
You feel a surge of power!
The tengu reaver blocks the crystal spear.
* * * LOW HITPOINT WARNING * * *
The tengu reaver casts a spell at you. The bolt of negative energy hits you!!
You feel drained.
You die...

.# . .. #.. #...
####################....
........................
........................
........................
................@.)Q....
####################....
# . . . . # .


You could see a tengu reaver (repels missiles).

Vanquished Creatures
  the Royal Jelly (Slime:5)
  A dread lich (Vaults:5)
  An ancient lich (Vaults:5)
  Margery (Vaults:5)
  2 golden dragons (Vaults:5)
  Jory (Vaults:5)
  Arachne (Spider:2)
  3 tentacled monstrosities (Vaults:5)
  A hellephant (Vaults:5)
  3 titans (Vaults:5)
  2 quicksilver dragons (Vaults:5)
  22 acid blobs
  A sphinx (Vaults:3)
  2 deep elf blademasters (Elf:3)
  2 deep elf master archers (Elf:3)
  Agnes (Spider:4)
  The ghost of Ohem the Peltast, an adept FoFi of Qazlal (Elf:3)
  2 tengu reavers (Vaults:5)
  A storm dragon (Vaults:5)
  11 azure jellies
  10 rockslimes
  2 shadow dragons (Vaults:5)
  2 fire giants (Vaults:5)
  3 frost giants (Vaults:5)
  6 emperor scorpions (Spider:4)
  5 deep elf sorcerers
  An iron dragon (Vaults:5)
  3 ghost moths
  3 deep elf elementalists (Elf:3)
  17 vault wardens
  Louise (D:14)
  2 orc warlords
  A very ugly thing (Vaults:5)
  4 formless jellyfish
  3 stone giants (Vaults:5)
  2 broodmothers
  5 ironbound thunderhulks
  11 ironbound preservers
  A vampire knight (Vaults:2)
  9 deep elf demonologists
  15 quicksilver oozes
  9 deep elf death magi
  11 dire elephants
  A minotaur (Gauntlet)
  9 war gargoyles
  5 deep elf annihilators
  2 spark wasps
  4 deep elf high priests
  6 entropy weavers
  9 ettins
  2 fire dragons (D:15)
  15 yaktaur captains
  Josephine (Lair:4)
  7 great orbs of eyes
  An ice dragon (D:15)
  34 vault guards
  The ghost of Lanoc the Skirmisher, a journeyman CoHu of Qazlal (D:10)
  4 peacekeepers
  5 catoblepae
  3 hydras
  12 ironbound frosthearts
  2 jorogumos
  3 ogre magi
  21 centaur warriors
  2 radroaches
  30 dancing weapons
  10 two-headed ogres
  10 death yaks (Lair:5)
  8 demonic crawlers
  7 boulder beetles
  2 thrashing horrors (Gauntlet)
  An orc high priest (Elf:1)
  2 deep troll earth magi (Vaults:5)
  Sonja (Lair:1)
  A sun demon (D:9)
  19 deep elf knights
  Nergalle (Lair:2)
  3 hell knights (Vaults:5)
  Amaemon (Lair:1)
  A sixfirhy (D:9)
  19 deep trolls
  4 skysharks
  5 pharaoh ants
  12 deep elf archers
  A flayed ghost (Vaults:5)
  4 arcanists
  6 glowing orange brains
  16 lindwurms
  A sun moth (Spider:3)
  7 orb spiders
  4 thermic dynamos (Elf:1)
  8 harpies
  10 orc knights
  An obsidian bat (Orc:1)
  29 deep elf zephyrmancers
  3 phantasmal warriors
  6 steelbarb worms
  18 ironbound convokers
  A wolf spider zombie (D:10)
  2 orc sorcerers (Orc:1)
  21 deep elf pyromancers
  A shining eye (shapeshifter) (Vaults:1)
  A necromancer (Vaults:5)
  19 wolf spiders
  9 ugly things
  An oklob plant (Lair:4)
  10 shining eyes
  6 cyclopes
  Maurice (D:7)
  A faun (shapeshifter) (Vaults:5)
  3 moths of wrath
  9 elephants
  A spectral centaur (D:10)
  3 meliai (D:14)
  6 manticores
  6 black mambas
  5 eyes of devastation
  2 merfolk sirens (Lair:3)
  6 gargoyles
  14 vault sentinels
  2 kobold blastminers (Orc:2)
  2 orange demons
  4 torpor snails
  13 cane toads
  Jeremiah (Lair:1)
  10 komodo dragons
  2 unseen horrors (shapeshifter) (D:14)
  2 rime drakes
  3 freezing wraiths
  2 unseen horrors (D:12)
  An unseen horror zombie (D:8)
  34 yaktaurs
  9 trolls
  2 merfolk (Lair:3)
  A queen bee (Gauntlet)
  2 polar bears
  25 tarantellas
  2 hornets
  4 glass eyes
  29 jumping spiders
  12 blink frogs
  Sigmund (D:5)
  12 culicivoras
  A centaur simulacrum (D:14)
  A vampire (D:12)
  81 slime creatures
  4 shadows
  6 air elementals
  A wyvern (Lair:5)
  4 basilisks
  2 water elementals
  2 yaks (shapeshifter)
  54 yaks
  2 basilisks (shapeshifter) (D:14)
  4 wargs
  16 golden eyes
  7 wraiths
  55 redbacks
  8 vampire mosquitoes
  A steam dragon (D:6)
  Edmund (D:4)
  An acid dragon (D:14)
  10 water moccasins
  4 small abominations (Gauntlet)
  2 laughing skulls (D:14)
  A sky beast (D:8)
  An ice beast (D:6)
  A hornet zombie (D:8)
  40 orc warriors
  2 black bears
  9 ogres
  3 boggarts (Vaults:4)
  15 centaurs
  A kobold brigand (D:11)
  A phantom (D:3)
  Blork the orc (D:4)
  9 bullfrogs
  3 scorpions
  A wyvern zombie (D:8)
  3 earth elementals
  8 wights
  17 killer bees
  3 electric eels
  A howler monkey (D:6)
  3 crimson imps
  2 centaur zombies
  A gnoll bouda (D:6)
  2 hounds
  A bombardier beetle (D:5)
  6 jellies
  8 orc priests
  A spectral boggart (D:10)
  A sleepcap (D:5)
  Ijyb (D:5)
  5 iguanas
  20 orc wizards
  2 killer bee zombies (D:8)
  2 howler monkey zombies (D:8)
  8 adders
  5 gnolls
  A shadow imp (D:9)
  4 white imps
  A ribbon worm (D:3)
  4 dart slugs
  84 orcs
  3 bats (D:3)
  8 endoplasms
  A giant cockroach (D:1)
  4 goblins
  6 hobgoblins
  7 jackals (D:3)
  15 kobolds
  5 ball pythons
  3 frilled lizards
  7 rats
  A fulminant prism (Lair:1)
1498 creatures vanquished.

Vanquished Creatures (others)
  A water elemental (Elf:1)
  A gnoll (D:6)
  An orc (Vaults:5)
  110 fulminant prisms
113 creatures vanquished.

Grand Total: 1611 creatures vanquished

Notes
Turn   | Place    | Note
-------+----------+-------------------------------------------
     0 | D:1      | shadizar the Djinni Conjurer began the quest for the Orb.
     0 | D:1      | shadizar set off with the following spells memorised: Magic
                  | Dart, Searing Ray, Fulminant Prism, Iskenderun's Mystic
                  | Blast.
     0 | D:1      | Reached XP level 1. HP: 15/15 MP: 0/0
    95 | D:1      | Reached XP level 2. HP: 18/21 MP: 0/0
   328 | D:1      | Reached XP level 3. HP: 22/25 MP: 0/0
   328 | D:1      | Learned a level 1 spell: Sting
   658 | D:2      | Identified the +4 kite shield of the Living Akabeko {Str+4}
   751 | D:2      | Reached XP level 4. HP: 24/31 MP: 0/0
   933 | D:2      | Found a blossoming altar of Fedhas.
   944 | D:2      | Identified the +6 dagger of Gallantry {freeze, ^Drain rCorr
                  | Int+5 Dex+4}
  1599 | D:3      | Reached XP level 5. HP: 35/35 MP: 0/0
  1599 | D:3      | Learned a level 2 spell: Mercury Vapours
  1600 | D:3      | Reached skill level 5 in Spellcasting
  1600 | D:3      | Reached skill level 5 in Conjurations
  1600 | D:3      | Reached skill level 5 in Hexes
  1600 | D:3      | Reached skill level 5 in Summonings
  1600 | D:3      | Reached skill level 5 in Necromancy
  1600 | D:3      | Reached skill level 5 in Translocations
  1600 | D:3      | Reached skill level 5 in Fire Magic
  1600 | D:3      | Reached skill level 5 in Ice Magic
  1600 | D:3      | Reached skill level 5 in Air Magic
  1600 | D:3      | Reached skill level 5 in Earth Magic
  1600 | D:3      | Reached skill level 5 in Alchemy
  1717 | D:3      | Noticed a phantom
  1722 | D:3      | Killed a phantom
  1723 | D:3      | Reached XP level 6. HP: 32/40 MP: 0/0
  2059 | D:4      | Noticed Edmund
  2069 | D:4      | Killed Edmund
  2144 | D:4      | Noticed Blork the orc
  2153 | D:4      | Killed Blork the orc
  2154 | D:4      | Reached XP level 7. HP: 35/45 MP: 0/0
  2154 | D:4      | Learned a level 3 spell: Tukima's Dance
  2833 | D:4      | Found Joqif's Book Shoppe.
  2941 | D:5      | Entered Level 5 of the Dungeon
  3556 | D:5      | Noticed Ijyb
  3559 | D:5      | Killed Ijyb
  3560 | D:5      | Reached XP level 8. HP: 47/51 MP: 0/0
  3565 | D:5      | Reached skill level 1 in Fighting
  3565 | D:5      | Reached skill level 1 in Armour
  3565 | D:5      | Reached skill level 1 in Shields
  3565 | D:5      | Noticed Sigmund
  3570 | D:5      | Killed Sigmund
  3897 | D:5      | Found a staircase to the Ecumenical Temple.
  3999 | Temple   | Entered the Ecumenical Temple
  4759 | D:6      | Reached XP level 9. HP: 50/61 MP: 0/0
  4759 | D:6      | Learned a level 4 spell: Dimensional Bullseye
  5428 | D:7      | Found Gusm's Magic Scroll Boutique.
  5515 | D:7      | Noticed a deep elf pyromancer
  5516 | D:7      | Noticed DEFE's ghost (novice CoFi)
  5548 | D:7      | Found a transporter.
  5551 | D:7      | Found a transporter.
  5600 | D:7      | Noticed Maurice
  5618 | D:7      | Killed Maurice
  5619 | D:7      | Reached skill level 5 in Dodging
  5781 | D:7      | Found Gyowa's Weapon Shop.
  5951 | D:7      | Noticed a hornet
  5958 | D:7      | Killed a hornet
  6074 | D:7      | Found a blossoming altar of Fedhas.
  6079 | D:7      | Found a stormy altar of Qazlal.
  6300 | D:7      | Reached XP level 10. HP: 58/69 MP: 0/0
  6441 | D:7      | Found Meokk's General Store.
  6737 | D:8      | Reached skill level 5 in Fighting
  6737 | D:8      | Reached skill level 5 in Armour
  6737 | D:8      | Reached skill level 5 in Shields
  6966 | D:8      | Found a staircase to the Lair.
  7280 | D:8      | Found a basalt altar of Yredelemnul.
  7348 | D:8      | Found a shimmering altar of Xom.
  7364 | D:8      | Found a burning altar of Makhleb.
  7370 | D:8      | Became a worshipper of Makhleb the Destroyer
  7775 | D:8      | Reached XP level 11. HP: 76/76 MP: 0/0
  7775 | D:8      | Learned a level 4 spell: Cause Fear
  7838 | Lair:1   | Entered Level 1 of the Lair of Beasts
  7838 | Lair:1   | Noticed Sonja
  7844 | Lair:1   | Killed Sonja
  8078 | Lair:1   | Noticed Jeremiah
  8087 | Lair:1   | Killed Jeremiah
  8088 | Lair:1   | Noticed Amaemon
  8231 | Lair:1   | Killed Amaemon
  8232 | Lair:1   | Reached XP level 12. HP: 42/81 MP: 0/0
  9707 | Lair:2   | Noticed Nergalle
  9713 | Lair:2   | Killed Nergalle
  9898 | Lair:2   | Reached skill level 10 in Spellcasting
  9898 | Lair:2   | Reached skill level 10 in Conjurations
  9898 | Lair:2   | Reached skill level 10 in Hexes
  9898 | Lair:2   | Reached skill level 10 in Summonings
  9898 | Lair:2   | Reached skill level 10 in Necromancy
  9898 | Lair:2   | Reached skill level 10 in Translocations
  9898 | Lair:2   | Reached skill level 10 in Fire Magic
  9898 | Lair:2   | Reached skill level 10 in Ice Magic
  9898 | Lair:2   | Reached skill level 10 in Air Magic
  9898 | Lair:2   | Reached skill level 10 in Earth Magic
  9898 | Lair:2   | Reached skill level 10 in Alchemy
 10004 | Lair:2   | Reached * piety under Makhleb
 10770 | Lair:2   | Reached XP level 13. HP: 58/90 MP: 0/0
 10770 | Lair:2   | Learned a level 5 spell: Alistair's Intoxication
 11796 | Lair:3   | Noticed a catoblepas
 11837 | Lair:3   | Killed a catoblepas
 12159 | Lair:3   | Reached ** piety under Makhleb
 12302 | Lair:3   | Found a staircase to the Shoals.
 12459 | Lair:3   | Found a hole to the Spider Nest.
 12763 | Lair:4   | Noticed Josephine
 12772 | Lair:4   | Killed Josephine
 13174 | Lair:4   | Found a staircase to the Slime Pits.
 13174 | Lair:4   | Found a viscous altar of Jiyva.
 13384 | Lair:4   | Reached *** piety under Makhleb
 13402 | Lair:4   | Reached skill level 10 in Fighting
 13405 | Lair:4   | Reached skill level 10 in Shields
 13405 | Lair:4   | Reached XP level 14. HP: 82/103 MP: 0/0
 14002 | Lair:5   | Entered Level 5 of the Lair of Beasts
 14032 | Lair:5   | Identified the +0 scale mail of Happiness {rElec Will++}
 16696 | Lair:1   | Reached **** piety under Makhleb
 17650 | D:10     | Entered Level 10 of the Dungeon
 17660 | D:10     | Reached XP level 15. HP: 98/111 MP: 0/0
 17660 | D:10     | Learned a level 6 spell: Bombard
 18065 | D:10     | Found a runed translucent gate.
 18065 | D:10     | Found a runed translucent gate.
 18065 | D:10     | Found a runed translucent gate.
 18461 | D:10     | Found a bloodstained altar of Trog.
 18462 | D:10     | Found a broken altar of Ashenzari.
 18525 | D:10     | Noticed Lanoc's ghost (journeyman CoHu)
 18620 | D:10     | Killed Lanoc's ghost
 18626 | D:10     | Identified the +1 robe of Periwinkles {Str+2 SInv}
 18676 | D:11     | Found a blossoming altar of Fedhas.
 18936 | D:11     | Reached ***** piety under Makhleb
 19131 | D:11     | Found a hide-covered altar of Uskayaw.
 19224 | D:11     | Found Feuqoymi's Antique Armour Shoppe.
 19323 | D:11     | Found a staircase to the Orcish Mines.
 20022 | D:11     | Found The Oracle's Delphic Readings.
 20279 | D:11     | Found Miow's General Store.
 20350 | D:11     | Bought a fine scale mail for 270 gold pieces
 20350 | D:11     | Identified the +1 scale mail "Zoyng" {rF+ Str+3} (You
                  | bought it in a shop on level 11 of the Dungeon)
 20467 | Orc:1    | Entered Level 1 of the Orcish Mines
 20587 | Orc:2    | Entered Level 2 of the Orcish Mines
 20587 | Orc:2    | Found a staircase to the Elven Halls.
 21318 | Orc:2    | Found Xoeptujy's Armour Shop.
 21318 | Orc:2    | Found Kump's Weapon Shoppe.
 21318 | Orc:2    | Found Sunyssef's Weapon Emporium.
 21322 | Orc:2    | Found Venaocar's Antique Armour Boutique.
 21741 | Orc:1    | Paralysed by an orc sorcerer for 5 turns
 21756 | Orc:1    | Reached ****** piety under Makhleb
 21988 | Orc:1    | Found Horghaxo's Magic Scroll Emporium.
 23226 | D:12     | Found a shimmering altar of Xom.
 23418 | D:13     | Identified the +4 falchion of Susibbol {elec, +Blink
                  | Stlth+}
 23606 | D:13     | Paralysed by something for 4 turns
 23867 | D:13     | Reached XP level 16. HP: 60/120 MP: 0/0
 23934 | D:13     | Found a gate to the Vaults.
 24232 | D:14     | Noticed Louise
 24249 | D:14     | Killed Louise
 24624 | D:14     | Found a burning altar of Makhleb.
 24881 | D:15     | Entered Level 15 of the Dungeon
 25013 | D:15     | Found a gate leading to a gauntlet.
 25020 | Gauntlet | Entered a Gauntlet
 25020 | Gauntlet | Found a transporter.
 25033 | Gauntlet | Found a transporter.
 25035 | Gauntlet | Found a transporter.
 25037 | Gauntlet | Found a transporter.
 25051 | Gauntlet | Found a transporter.
 25069 | Gauntlet | Found a transporter.
 25077 | Gauntlet | Found a transporter.
 25095 | Gauntlet | Found a transporter.
 25115 | Gauntlet | Found a transporter.
 25155 | Gauntlet | Found a transporter.
 25167 | Gauntlet | Found a transporter.
 25179 | Gauntlet | Found a transporter.
 25179 | Gauntlet | Found the +3 Mad Mage's Maulers {Infuse+∞ VampMP -Cast}
 25187 | Gauntlet | Found a large runed translucent door.
 25188 | Gauntlet | Found a large runed translucent door.
 25189 | Gauntlet | Found a large runed translucent door.
 25189 | Gauntlet | Found a large runed translucent door.
 25190 | Gauntlet | Found a runed translucent gate.
 25191 | Gauntlet | Found a transporter.
 25191 | Gauntlet | Found a runed translucent gate.
 25192 | Gauntlet | Found a runed translucent gate.
 25193 | Gauntlet | Found a large runed translucent door.
 25193 | Gauntlet | Found a large runed translucent door.
 25194 | Gauntlet | Found a large runed translucent door.
 25195 | Gauntlet | Found a large runed translucent door.
 25205 | Gauntlet | Found a large runed translucent door.
 25205 | Gauntlet | Found a large runed translucent door.
 25205 | Gauntlet | Found a runed translucent door.
 25205 | Gauntlet | Found a runed translucent door.
 25206 | Gauntlet | Found a large runed translucent door.
 25207 | Gauntlet | Found a large runed translucent door.
 25209 | Gauntlet | Found a transporter.
 25218 | Gauntlet | Found a large runed translucent door.
 25218 | Gauntlet | Found a large runed translucent door.
 25219 | Gauntlet | Found a large runed translucent door.
 25220 | Gauntlet | Found a large runed translucent door.
 25228 | Gauntlet | Found a transporter.
 25230 | Gauntlet | Found a transporter.
 25264 | Gauntlet | Found a transporter.
 25266 | Gauntlet | Found a transporter.
 25496 | Gauntlet | Reached skill level 15 in Spellcasting
 25496 | Gauntlet | Reached skill level 15 in Conjurations
 25496 | Gauntlet | Reached skill level 15 in Hexes
 25496 | Gauntlet | Reached skill level 15 in Summonings
 25496 | Gauntlet | Reached skill level 15 in Necromancy
 25496 | Gauntlet | Reached skill level 15 in Translocations
 25496 | Gauntlet | Reached skill level 15 in Fire Magic
 25496 | Gauntlet | Reached skill level 15 in Ice Magic
 25496 | Gauntlet | Reached skill level 15 in Air Magic
 25496 | Gauntlet | Reached skill level 15 in Earth Magic
 25496 | Gauntlet | Reached skill level 15 in Alchemy
 25497 | Gauntlet | Identified the ring of Iloipn {Will+ Str+6 Stlth+}
 25880 | D:15     | HP: 2/121 [ice dragon/blast of cold (72)]
 25986 | D:15     | Reached skill level 10 in Dodging
 26229 | D:15     | Found a staircase to the Depths.
 26323 | D:15     | Upgraded the game from 0.32-a0-900-g30fb1b0edc to
                  | 0.32-a0-909-gc671339a80
 26610 | Spider:1 | Entered Level 1 of the Spider Nest
 26787 | Spider:1 | Reached skill level 10 in Armour
 27583 | Spider:2 | Identified the ring "Tairany" {Ice rPois Slay+3}
 27607 | Spider:2 | Reached XP level 17. HP: 121/128 MP: 0/0
 27607 | Spider:2 | Learned a level 6 spell: Dispersal
 27647 | Spider:2 | Noticed Arachne
 27657 | Spider:2 | Killed Arachne
 27741 | Spider:2 | Identified a scroll of acquirement
 27742 | Spider:2 | Acquired the ring "Petutif" {rC+ Int+8 Dex-4}
 28503 | Spider:3 | Found a runed translucent door.
 28506 | Spider:3 | Noticed Itzepur's ghost (adept DsWn)
 28518 | Spider:3 | Identified the ring "Coklakke" {Ice Fly Stlth+}
 28813 | Spider:4 | Entered Level 4 of the Spider Nest
 28834 | Spider:4 | Noticed Agnes
 28838 | Spider:4 | Killed Agnes
 29554 | Spider:4 | Reached XP level 18. HP: 132/137 MP: 0/0
 29582 | Spider:4 | Reached skill level 15 in Fighting
 29878 | Spider:4 | Got a gossamer rune of Zot
 30206 | Slime:1  | Entered Level 1 of the Pits of Slime
 30208 | Slime:1  | Noticed an acid blob
 30225 | Slime:1  | Killed an acid blob
 30475 | Slime:1  | Gained mutation: Armour fits poorly on your strangely
                  | shaped body. [a shining eye]
 30538 | Slime:1  | Noticed an acid blob
 30543 | Slime:1  | Killed an acid blob
 31018 | Elf:1    | Entered Level 1 of the Elven Halls
 31021 | Elf:1    | Paralysed by an air elemental for 1 turns
 31125 | Elf:1    | Found Xueqol's Distillery.
 31146 | Elf:1    | Found a flickering gateway to a bazaar.
 31155 | Bazaar   | Entered a bazaar
 31168 | Bazaar   | Found Xosif's Magic Scroll Emporium.
 31176 | Bazaar   | Bought a scroll of blinking for 67 gold pieces
 31176 | Bazaar   | Bought a scroll of revelation for 67 gold pieces
 31239 | Bazaar   | Found Winkith's Book Boutique.
 31247 | Bazaar   | Bought a manual of Armour for 880 gold pieces
 31333 | Bazaar   | Found Vakh's Assorted Antiques.
 31401 | Bazaar   | Found Raum Nui's Jewellery Emporium.
 31408 | Bazaar   | Bought the ring of the Lonely Loafs {^Drain rCorr Str+7
                  | Int+4 Dex+6} for 594 gold pieces
 31492 | Elf:1    | Found Peuri's Assorted Antiques.
 31499 | Elf:1    | Bought a dazzling robe for 153 gold pieces
 31499 | Elf:1    | Identified the +0 robe "Wisanox" {Regen+} (You bought it in
                  | a shop on level 1 of the Elven Halls)
 31785 | Elf:1    | Identified the +8 ring mail "Seen" {Harm SInv}
 32525 | Elf:2    | Paralysed by an air elemental for 1 turns
 32583 | Elf:2    | Reached XP level 19. HP: 143/145 MP: 0/0
 32583 | Elf:2    | Learned a level 7 spell: Manifold Assault
 32716 | Elf:2    | Reached skill level 5 in Stealth
 32845 | Elf:2    | Acquired 673 gold pieces
 33015 | Elf:2    | Found a runed translucent gate.
 33015 | Elf:2    | Found a runed translucent gate.
 33025 | Elf:2    | Found a runed translucent gate.
 33557 | Elf:3    | Entered Level 3 of the Elven Halls
 33571 | Elf:3    | Found Wuirghist's Distillery.
 33907 | Elf:3    | Noticed Ohem's ghost (adept FoFi)
 33908 | Elf:3    | Found a transporter.
 33912 | Elf:3    | Found a transporter.
 34372 | Elf:3    | Noticed a Hell Sentinel
 34374 | Elf:3    | Noticed a deep elf blademaster
 34379 | Elf:3    | Killed a deep elf blademaster
 34494 | Elf:3    | Noticed a Tzitzimitl
 34503 | Elf:3    | Identified the +1 morningstar of Ascent {freeze, Int+7}
 34520 | Elf:3    | Reached XP level 20. HP: 85/153 MP: 0/0
 34588 | Elf:3    | Identified the ring of Incredulity {*Slow rPois rCorr Int-4
                  | SInv}
 34667 | Elf:3    | Identified the +11 hand axe "Nuaf" {protect, Dex+3}
 34891 | Elf:3    | Found the +3 crown of Dyrovepreva {rElec Int+2 SInv}
 35091 | Elf:3    | Paralysed by an air elemental for 1 turns
 35107 | Elf:3    | Killed Ohem's ghost
 35325 | Vaults:1 | Entered Level 1 of the Vaults
 35816 | Vaults:1 | Reached XP level 21. HP: 158/158 MP: 0/0
 35816 | Vaults:1 | Learned a level 8 spell: Lehudib's Crystal Spear
 36572 | Vaults:2 | Reached skill level 15 in Armour
 36616 | Vaults:2 | Reached XP level 22. HP: 163/166 MP: 0/0
 36736 | Vaults:2 | Found a staircase to the Crypt.
 38041 | Slime:2  | Gained mutation: You are frail. (-10% HP) [a shining eye]
 38237 | Slime:2  | Gained mutation: Your health recovers twice as slowly from
                  | being drained. [a shining eye]
 38243 | Slime:2  | Gained mutation: You occasionally lose the ability to drink
                  | potions when taking damage. [a shining eye]
 38244 | Slime:2  | Gained mutation: You are very vulnerable to cold. (rC--) [a
                  | shining eye]
 38609 | Slime:3  | Gained mutation: Your body sometimes deteriorates upon
                  | taking damage. [a shining eye]
 39842 | Slime:5  | Entered Level 5 of the Pits of Slime
 39926 | Slime:5  | Noticed the Royal Jelly
 39934 | Slime:5  | Killed the Royal Jelly
 39935 | Slime:5  | Reached XP level 23. HP: 144/156 MP: 0/0
 39935 | Slime:5  | Learned a level 7 spell: Haunt
 40373 | Slime:5  | Found the +16 obsidian axe {drain, demonic, Mesm ^Drain Fly
                  | SInv}
 40382 | Slime:5  | Got a slimy rune of Zot
 40383 | Slime:5  | Identified the +1 rapier "Giantbane" {flame, +Blink}
 40386 | Slime:5  | Identified the +1 robe "Huuph" {Rampage rF++ SInv Stlth-}
 40409 | Slime:5  | Identified the +1 pair of gloves of Teirar {Dex+6}
 40457 | Slime:5  | Identified the +3 plate armour "Peimah" {Str+3 Int+5 Dex-5}
 40474 | Slime:5  | Identified the ring "Secuil" {Wiz rElec rN+ Dex+3}
 40480 | Slime:5  | Identified the +1 long sword "Hellblazer" {chaos, rC++
                  | Stlth+}
 40509 | Slime:5  | Identified the +1 short sword of Turmoil {flame, rC+ Will-
                  | rCorr Int+3}
 41238 | Vaults:3 | Reached skill level 15 in Dodging
 41238 | Vaults:3 | Reached skill level 15 in Shields
 41854 | Vaults:3 | Identified the +7 rapier of the Howling One {vamp, rF+
                  | Will++ rCorr}
 43902 | Vaults:5 | Entered Level 5 of the Vaults
 43937 | Vaults:5 | Reached XP level 24. HP: 147/164 MP: 0/0
 44048 | Vaults:5 | Noticed an ancient lich
 44113 | Vaults:5 | Killed an ancient lich
 44226 | Vaults:5 | Noticed a golden dragon
 44228 | Vaults:5 | Killed a golden dragon
 44239 | Vaults:5 | Noticed Margery
 44357 | Vaults:5 | Got a silver rune of Zot
 44412 | Vaults:5 | Noticed Jory
 44414 | Vaults:5 | Killed Jory
 44522 | Vaults:5 | Noticed a golden dragon
 44529 | Vaults:5 | Killed a golden dragon
 44597 | Vaults:5 | Noticed a dread lich
 44605 | Vaults:5 | Killed a dread lich
 44682 | Vaults:5 | Killed Margery
 44890 | Vaults:5 | Reached skill level 10 in Stealth
 44896 | Vaults:5 | Reached XP level 25. HP: 129/171 MP: 0/0
 44896 | Vaults:5 | Learned a level 8 spell: Infestation
 45020 | Vaults:5 | Killed from afar by a tengu reaver

Illustrated notes

Levels and vault maps discovered:
D:1:      eino_arrival_druids_welcome, layout_rooms, minivault_27
D:2:      layout_basic, basic_altar
D:3:      layout_rooms
D:4:      layout_basic, vehumet_altar_wand_db, serial_shops,
          nicolae_lakefront_shop, kennysheep_generic_room_11, uniq_edmund,
          uniq_blork_the_orc
D:5:      layout_loops_corners, minmay_temple_entry_antechambers, uniq_sigmund,
          uniq_ijyb
D:6:      layout_rooms, minmay_fractal_squares_gapless_5
D:7:      layout_basic, grunt_temple_overflow_forces_of_nature,
          nzn_ghost_randoct, serial_shops, shop_fountains, shop,
          nicolae_shop_back_alley_shop, uniq_maurice
D:8:      layout_rooms, grunt_temple_overflow_champion_of_chaos,
          nicolae_yredelemnul_corpse_copse, lair_entry_dummy, serial_rivers,
          chequers_serial_rivers_micro_a, chequers_serial_rivers_small_3,
          chequers_serial_rivers_micro_b, chequers_serial_rivers_micro_b,
          chequers_serial_rivers_room_a, chequers_serial_rivers_small_3
D:9:      layout_roguey, nicolae_demonic_statue_gallery
D:10:     layout_roguey, minitemple, gammafunk_ghost_necromancy
D:11:     layout_gridville, orc_0_dummy, serial_shops, kennysheep_mini,
          kennysheep_decorative_pillar, nicolae_inconvenience_store,
          hangedman_feature_mirror, nicolae_nh_oracle_at_delphi
D:12:     layout_basic, xom_teletrap_fun
D:13:     layout_loops_ring, david_vaults_2
D:14:     layout_roguey, bloody_makhleb, uniq_louise
D:15:     grunt_enter_depths_hoard, layout_basic, gauntlet_entry_generic,
          chequers_serial_rivers_micro_c
Temple:   zaba_magenta_temple
Lair:1:   layout_roguey, uniq_amaemon, uniq_sonja, uniq_jeremiah
Lair:2:   layout_gridlike, nicolae_lair_lil_pond, uniq_nergalle
Lair:3:   layout_cave_shapes, elwin_shoals_entry_stream,
          spider_nest_entry_funnel_web, grunt_megastairs_1
Lair:4:   beargit_carnivore_pack, layout_loops_ring,
          nicolae_slime_entry_slimehenge, beast_lair_carwin_5,
          serial_bayou_shore_a, uniq_josephine
Lair:5:   evilmike_catoblepas_cave, layout_small_grid
Spider:1: layout_spider_delve
Spider:2: layout_spider_delve, nicolae_spider_claw_tunnel, uniq_arachne
Spider:3: layout_spider_delve, hellmonk_ghost_happy_afterlife
Spider:4: grunt_spider_rune_circles, einodemon_crawler_minivault, uniq_agnes
Slime:1:  layout_caves
Slime:2:  layout_caves, cheibrodos_slime_lost_civilization_5
Slime:3:  cheibrodos_slime_lost_civilization_1, layout_caves
Slime:4:  layout_caves
Slime:5:  slime_pit
Orc:1:    layout_caves, serial_shops, nicolae_shop_rolled_up
Orc:2:    st_orc_rangers, layout_caves
Elf:1:    nicolae_elf_arrival_aired_out, layout_onion_city, serial_shops,
          bzr_entry_water, nicolae_lakefront_shop, nicolae_take_the_stairs,
          kennysheep_underground_church
Elf:2:    nicolae_elf_blades_splatter_lattice [nicolae_blade_entry_pointy_end],
          layout_geoelf_grid
Elf:3:    elf_hall, layout_gridlike, gammafunk_ghost_arena,
          serial_library_hellmonk_room_b, minmay_misc_feat_cross, drop_trap,
          minmay_shop_star
Vaults:1: st_hourglassy, serial_library_hellmonk_reading_circle,
          nicolae_vaults_rhombus_7, hangedman_vaults_stitches,
          nicolae_vaults_angled_halls, grunt_vaults_trifunnel, v_misc_23,
          nicolae_vaults_double_plus_2, nicolae_vaults_more_shelving_2,
          nicolae_vaults_surprise_closet, nicolae_vaults_trapezoid_1,
          nicolae_vaults_little_squares_1, nicolae_vaults_big_ls,
          nicolae_vaults_trapezoid_4, nicolae_vaults_trapezoid_lopsided_1,
          layout_vaults_maze
Vaults:2: minmay_crypt_entry_simple_statues, v_misc_30, v_misc_33,
          nicolae_vaults_storage_closets_2, nicolae_vaults_frosty_reception,
          v_alt_pattern_6, v_misc_10, nicolae_vaults_trapezoid_3,
          ontoclasm_vaults_idyll, vaults_dpeg_hooks, layout_vaults_big_cross
Vaults:3: v_misc_19, grunt_vaults_swirl, grunt_vaults_bifocal,
          nicolae_vaults_meiosis, nicolae_vaults_doubleplus_tesselated,
          grunt_vaults_funnel, vaults_mumra_lcd, vaults_room_fours,
          nicolae_vaults_storage_closets_1, ontoclasm_vaults_gateway,
          nicolae_vaults_trapezoid_lopsided_3, layout_vaults_ring
Vaults:4: v_misc_27, nicolae_vaults_disjoint_gnomons,
          nicolae_vaults_little_squares_6, layout_vaults_omnigrid
Vaults:5: uniq_jory, uniq_margery

Skill      XL: |  1  2  3  4  5  6  7  8  9 10 11 12 13 14 15 16 17 18 19 20 21 22 23 24 |
---------------+-------------------------------------------------------------------------+-----
Spellcasting   | 4 5 6 7 8 10 11 13 14 15 17 18 19 20 | 20.5
Conjurations   | 4 5 6 7 8 10 11 13 14 15 17 18 19 20 | 20.5
Hexes          | 4 5 6 7 8 10 11 13 14 15 17 18 19 20 | 20.5
Summonings     | 4 5 6 7 8 10 11 13 14 15 17 18 19 20 | 20.5
Necromancy     | 4 5 6 7 8 10 11 13 14 15 17 18 19 20 | 20.5
Translocations | 4 5 6 7 8 10 11 13 14 15 17 18 19 20 | 20.5
Fire Magic     | 4 5 6 7 8 10 11 13 14 15 17 18 19 20 | 20.5
Ice Magic      | 4 5 6 7 8 10 11 13 14 15 17 18 19 20 | 20.5
Air Magic      | 4 5 6 7 8 10 11 13 14 15 17 18 19 20 | 20.5
Earth Magic    | 4 5 6 7 8 10 11 13 14 15 17 18 19 20 | 20.5
Alchemy        | 4 5 6 7 8 10 11 13 14 15 17 18 19 20 | 20.5
Fighting       | 3 4 5 7 10 11 12 13 14 15 16 17 18 19 | 19.3
Armour         | 3 4 8 9 10 12 14 15 16 17 | 17.1
Shields        | 3 4 8 9 10 11 12 13 14 15 | 15.5
Dodging        | 4 5 9 10 12 13 14 15 | 15.6
Stealth        | 3 4 6 7 8 10 | 10.1

Action                     |  1- 3 |  4- 6 |  7- 9 | 10-12 | 13-15 | 16-18 | 19-21 | 22-24 | 25-27 || total
---------------------------+-------+-------+-------+-------+-------+-------+-------+-------+-------++-------
  Melee: Staff             |       |       |       |     1 |     6 |     6 |     3 |    11 |       ||    27
   Cast: Magic Dart        |    56 |    70 |   118 |   132 |   594 |   370 |   193 |   174 |     4 ||  1711
         Fulminant Prism   |       |     3 |    13 |    22 |    42 |    10 |    16 |     5 |       ||   111
         Searing Ray       |       |     3 |       |     2 |       |       |       |       |       ||     5
         Mercury Vapours   |       |     1 |       |       |       |       |       |       |       ||     1
         Iskenderun's Myst |       |     3 |    54 |   146 |   425 |   396 |   186 |   242 |       ||  1452
         Bombard           |       |       |       |       |     4 |   147 |   107 |       |       ||   258
         Alistair's Intoxi |       |       |       |       |     2 |     1 |     3 |     1 |       ||     7
         Dispersal         |       |       |       |       |       |       |     1 |       |       ||     1
         Manifold Assault  |       |       |       |       |       |       |     1 |       |       ||     1
         Lehudib's Crystal |       |       |       |       |       |       |    15 |   313 |    17 ||   345
    Use: Scroll            |       |       |    21 |     2 |     8 |     7 |     1 |     5 |       ||    44
         Potion            |       |       |       |     4 |       |       |     2 |    11 |       ||    17
 Armour: Robe              |     5 |     3 |    14 |     3 |       |       |       |       |       ||    25
         Leather armour    |       |       |       |    18 |   136 |    21 |       |       |       ||   175
         Acid dragon scale |       |       |       |       |       |   113 |       |       |       ||   113
         Ring mail         |       |       |       |       |       |     1 |    54 |   142 |     5 ||   202
  Dodge: Dodged            |     4 |     2 |    17 |    19 |    68 |    61 |    42 |    88 |     2 ||   303
         Repelled          |       |       |     4 |     5 |    33 |    31 |    17 |       |       ||    90
  Block: Other             |       |     1 |     7 |     1 |       |       |       |       |       ||     9
         Reflection        |       |     1 |     4 |       |   121 |       |       |       |       ||   126
         Kite shield       |       |       |       |    27 |   256 |   103 |    94 |   209 |     1 ||   690

Table legend: (Time is in decaauts)
 A = Elapsed time spent in this place.
 B = Non-inter-level travel time spent in this place.
 C = Inter-level travel time spent in this place.
 D = Time resting spent in this place.
 E = Time spent auto-exploring this place.
 F = Levels seen in this place.
 G = Mean time per level.
                   A        B        C        D        E       F      G
               +--------+--------+--------+--------+--------+-----+--------+
         Total |  45082 |  42777 |   2305 |      0 |  32576 |  42 | 1073.4 |
       Dungeon |  16241 |  15214 |   1027 |      0 |  12894 |  15 | 1082.7 |
        Temple |     41 |     41 |      0 |      0 |      0 |   1 |   41.0 |
          Lair |   8745 |   8090 |    655 |      0 |   6736 |   5 | 1749.0 |
   Spider Nest |   3506 |   3350 |    156 |      0 |   2443 |   4 |  876.5 |
    Slime Pits |   3469 |   3397 |     72 |      0 |   2420 |   5 |  693.8 |
  Orcish Mines |   1960 |   1912 |     48 |      0 |   1344 |   2 |  980.0 |
   Elven Halls |   3890 |   3728 |    162 |      0 |   2248 |   3 | 1296.7 |
        Vaults |   6305 |   6123 |    182 |      0 |   4166 |   5 | 1261.0 |
        Bazaar |    322 |    322 |      0 |      0 |    271 |   1 |  322.0 |
      Gauntlet |    597 |    597 |      0 |      0 |     54 |   1 |  597.0 |
               +--------+--------+--------+--------+--------+-----+--------+

Top non-repeatable levels by time:
     D:8: 2209 daAuts
  Lair:5: 2092 daAuts
    D:11: 1922 daAuts
  Lair:2: 1893 daAuts
  Lair:4: 1854 daAuts
   Elf:3: 1622 daAuts
  Lair:1: 1552 daAuts
Vaults:4: 1448 daAuts
     D:5: 1360 daAuts
  Lair:3: 1352 daAuts
Vaults:2: 1280 daAuts
Vaults:3: 1250 daAuts
     D:7: 1248 daAuts
Spider:4: 1233 daAuts
Vaults:1: 1207 daAuts
